 Dungeon Crawl Stone Soup version 0.15-a0-2374-gaadabb3 (webtiles) character file.

4354 Ololoev the Quickloader (level 10, -5/132 HPs)
             Began as a Centaur Hunter on Aug 1, 2014.
             Was a Believer of Okawaru.
             Slain by a troll (10 damage)
             ... on Level 9 of the Dungeon.
             The game lasted 00:35:34 (12537 turns).

Ololoev the Quickloader (Centaur Hunter)           Turns: 12537, Time: 00:35:34

HP  -5/132       AC 16     Str 23      XL: 10   Next: 12%
MP   7/7         EV  8     Int 12      God: Okawaru [**....]
Gold 416         SH  0     Dex 18      Spells:  1 memorised,  6 levels left

rFire  . . .     SeeInvis .     J - +8 war axe "Myafe" {venom, Str+4 Dex+4 Int+2 Stlth-}
rCold  . . .     Clarity  .     I - +5 ring mail of Indemnity {Str-2 Slay-3 Stlth+}
rNeg   . . .     rCorr    .     (no shield)
rPois  .         rRot     .     D - +0 helmet
rElec  .         Spirit   .     s - +2 cloak {MR+}
SustAb .         Warding  .     w - +0 pair of gloves
rMut   .         Stasis   .     (no barding)
Gourm  .                        q - amulet of faith
MR     +....                    H - ring of regeneration
                                x - +2 ring of strength

@: berserking (expiring), lethally poisoned, very quick, somewhat resistant to
hostile enchantments, extremely unstealthy
A: hooves 3, deformed body, speed 2, tough skin 3
a: Heroism, Renounce Religion


You were on level 9 of the Dungeon.
You worshipped Okawaru.
Okawaru was pleased with you.
You were hungry.

You visited 2 branches of the dungeon, and saw 11 of its levels.

You collected 416 gold pieces.

Inventory:

Hand weapons
 b - a +2 hand crossbow
 J - the +8 war axe "Myafe" (weapon) {venom, Str+4 Dex+4 Int+2 Stlth-}
   (You found it on level 5 of the Dungeon)

   It poisons the flesh of those it strikes.
   It affects your strength (+4).
   It affects your intelligence (+2).
   It affects your dexterity (+4).
   It makes you less stealthy.
Missiles
 c - 112 bolts
Armour
 d - a +0 leather armour
 s - a +2 cloak of magic resistance (worn)
 w - a +0 pair of gloves (worn)
 D - a +0 helmet (worn)
 I - the +5 ring mail of Indemnity (worn) {Str-2 Slay-3 Stlth+}
   (You found it on level 5 of the Dungeon)

   It affects your strength (-2).
   It affects your accuracy and damage with ranged weapons and melee attacks
   (-3).
   It makes you more stealthy.
Magical devices
 r - a wand of fire (5)
Comestibles
 g - 5 meat rations
 A - 7 bread rations
Scrolls
 e - a scroll of holy word {unknown}
 j - 7 scrolls of identify {unknown}
 k - 2 scrolls of recharging
 l - 2 scrolls of enchant weapon
 m - 2 scrolls of teleportation
 p - a scroll of acquirement {unknown}
 v - 2 scrolls of remove curse
 y - a scroll of noise {unknown}
 z - a scroll of enchant armour {unknown}
 K - a scroll of amnesia
 L - a scroll of blinking
Jewellery
 q - an amulet of faith (around neck)
 x - a +2 ring of strength (left hand)
 H - a ring of regeneration (right hand)
Potions
 a - 2 potions of agility
 f - 4 potions of brilliance {unknown}
 h - 3 potions of curing {unknown}
 i - 3 potions of resistance {unknown}
 n - a potion of flight {unknown}
 o - a potion of confusion {unknown}
 t - 3 potions of haste {unknown}
 u - 4 potions of restore abilities {unknown}
 B - a potion of degeneration {unknown}
 E - 3 potions of might {unknown}
 F - a potion of poison {unknown}


   Skills:
 * Level 7.8 Fighting
 - Level 12.7 Crossbows
 + Level 3.9 Armour
 - Level 1.3 Dodging
 - Level 0.5 Stealth


You had 6 spell levels left.
You knew the following spells:

 Your Spells              Type           Power        Failure   Level  Hunger
a - Flight                Chrm/Air       #.........   88%         3    ####...


Dungeon Overview and Level Annotations

Branches:
Dungeon (10/15)            Temple (1/1) D:4             Orc (0/4) D:10
   Lair: D:8-11

Altars:
Ashenzari
Cheibriados
Dithmenos
Elyvilon
Fedhas
Gozag
Kikubaaqudgha
Makhleb
Nemelex Xobeh
Okawaru
Qazlal
Sif Muna
Trog
Vehumet
Xom
Yredelemnul
Zin
The Shining One

Shops:
D:5 :


Innate Abilities, Weirdness & Mutations

You have hooves in place of feet.
Armour fits poorly on your strangely shaped body.
You cover ground very quickly.
You have extremely tough skin (AC +3).


Message History

You kill the killer bee!
Okawaru accepts your kill.
You closely miss the orc warrior.
The orc warrior is almost dead.
You feel sick.
The killer bee stings you but does no damage.
The troll bites you!
* * * LOW HITPOINT WARNING * * *
The troll claws you but does no damage. The troll closely misses you.
The killer bee barely misses you. The orc warrior barely misses you.
You slash the orc warrior!
You kill the orc warrior!
Okawaru accepts your kill.
You slash the killer bee!
The killer bee is almost dead.
You slash the troll!
The troll looks even sicker.
The troll is almost dead.
The killer bee closely misses you. The troll bites you but does no damage.
The troll claws you but does no damage. The troll claws you!
You die...

.#######...#
#...# .#
#...# #...#
.# #...#
#...# .#
#...# #...#
.# #...#
#...# .#
#.>.# #...#
.# #...#
#...# .#
#...# #)).#
.# #...#
#@y.# .#
#...# #)T.#
.# #...#
#...#
.#######...#
#...######
...........#
#....)[..#
############
##########


You could see a troll and a killer bee.

Vanquished Creatures
  A shadow (D:9)
  Eustachio (D:8)
  A warg (D:9)
  A phantom (D:9)
  6 orc warriors
  3 centaurs
  3 ogres
  A manticore zombie (D:6)
  2 sky beasts (D:6)
  A necrophage (D:6)
  Sigmund (D:2)
  A big kobold (D:9)
  3 giant frogs
  A yak zombie (D:8)
  2 killer bees
  4 scorpions
  3 vampire bats (D:2)
  2 jellies
  7 wights (D:6)
  3 crimson imps
  A two-headed ogre zombie (D:9)
  Crazy Yiuf (D:2)
  7 orc wizards
  A giant frog skeleton (D:5)
  2 iguanas
  6 worker ants
  8 orc priests
  2 quasits
  3 hounds
  A sky beast zombie (D:8)
  Jessica (D:2)
  6 adders
  3 shadow imps
  A worm (D:2)
  A white imp (D:8)
  An iguana zombie (D:5)
  An adder skeleton (D:6)
  2 giant geckos (D:4)
  39 orcs
  12 bats
  4 bat skeletons
  4 bat zombies
  7 giant cockroaches
  2 gnoll zombies (D:6)
  14 goblins
  15 hobgoblins
  9 jackals
  7 quokkas
  3 ball pythons (D:3)
  2 giant newts
  A giant spore (D:5)
  A hobgoblin skeleton (D:7)
  16 kobolds
  2 orc skeletons
  3 orc zombies (D:5)
  12 rats
  2 rat zombies (D:6)
  5 ballistomycetes
  3 fungi (D:2)
258 creatures vanquished.

Vanquished Creatures (others)
  A giant spore (D:6)
  A ballistomycete (D:6)
2 creatures vanquished.

Grand Total: 260 creatures vanquished

Notes
Turn   | Place    | Note
--------------------------------------------------------------
     0 | D:1      | Ololoev, the Centaur Hunter, began the quest for the Orb.
     0 | D:1      | Reached XP level 1. HP: 16/16 MP: 1/1
   476 | D:1      | Reached XP level 2. HP: 23/23 MP: 2/2
   596 | D:1      | Reached skill level 5 in Crossbows
   715 | D:2      | Noticed Sigmund
  2289 | D:1      | Reached XP level 3. HP: 14/28 MP: 3/3
  2973 | D:2      | Killed Sigmund
  2973 | D:2      | Reached skill level 6 in Crossbows
  2973 | D:2      | Reached XP level 4. HP: 22/35 MP: 3/3
  3371 | D:2      | Noticed Jessica
  3377 | D:2      | Killed Jessica
  3377 | D:2      | Reached skill level 7 in Crossbows
  3377 | D:2      | Reached XP level 5. HP: 24/40 MP: 4/4
  3979 | D:2      | Found an ancient bone altar of Kikubaaqudgha.
  3979 | D:2      | Noticed a vampire bat
  3979 | D:2      | Noticed a vampire bat
  3981 | D:2      | Noticed a vampire bat
  4007 | D:2      | Killed a vampire bat
  4068 | D:2      | Killed a vampire bat
  4359 | D:2      | Killed a vampire bat
  4359 | D:2      | Reached skill level 8 in Crossbows
  4359 | D:2      | Reached XP level 6. HP: 43/47 MP: 5/5
  4589 | D:2      | Noticed Crazy Yiuf
  4620 | D:2      | Killed Crazy Yiuf
  5140 | D:3      | Found a shadowy altar of Dithmenos.
  5519 | D:4      | Reached skill level 9 in Crossbows
  5550 | D:4      | Learned a level 5 spell: Silence
  5684 | D:4      | Reached XP level 7. HP: 52/52 MP: 5/5
  6309 | D:4      | Reached skill level 10 in Crossbows
  6776 | D:4      | Found a stormy altar of Qazlal.
  6843 | D:4      | Found a glowing silver altar of Zin.
  6843 | D:4      | Found an opulent altar of Gozag.
  6855 | D:4      | Found a shattered altar of Ashenzari.
  6858 | D:4      | Found a sparkling altar of Nemelex Xobeh.
  6873 | D:4      | Found a staircase to the Ecumenical Temple.
  6879 | Temple   | Entered the Ecumenical Temple
  7145 | D:4      | Found a blossoming altar of Fedhas.
  7227 | D:5      | Entered Level 5 of the Dungeon
  7339 | D:5      | Found a white marble altar of Elyvilon.
  7388 | D:5      | Found Threcsom's Book Emporium.
  7418 | D:5      | Reached skill level 11 in Crossbows
  7418 | D:5      | Reached XP level 8. HP: 34/59 MP: 6/6
  7449 | D:5      | Got an ichor-stained ring mail
  7786 | D:5      | Got an iridescent war axe
  7787 | D:5      | Identified the +8 war axe "Myafe" {venom, Str+4 Dex+4 Int+2 Stlth-} (You found it on level 5 of the Dungeon)
  7984 | D:5      | Identified the +5 ring mail of Indemnity {Str-2 Slay-3 Stlth+} (You found it on level 5 of the Dungeon)
  8466 | D:5      | Reached skill level 1 in Armour
  8927 | D:6      | Reached skill level 12 in Crossbows
  9101 | D:6      | Found a basalt altar of Yredelemnul.
  9185 | D:6      | Reached XP level 9. HP: 64/71 MP: 7/7
  9370 | D:6      | Reached skill level 5 in Fighting
 10563 | D:7      | Found an iron altar of Okawaru.
 10563 | D:7      | Found a bloodstained altar of Trog.
 10571 | D:7      | Became a worshipper of Warmaster Okawaru
 11258 | D:8      | Acquired Okawaru's first power
 11278 | D:8      | Noticed Eustachio
 11299 | D:8      | Killed Eustachio
 11346 | D:8      | Found a glowing golden altar of the Shining One.
 11685 | D:9      | Learned a level 3 spell: Flight
 12404 | D:9      | Reached XP level 10. HP: 84/86 MP: 7/7
 12423 | D:10     | Entered Level 10 of the Dungeon
 12423 | D:10     | Found a staircase to the Orcish Mines.
 12536 | D:9      | HP: 4/132 [troll (10)]
 12537 | D:9      | Slain by a troll

Action                   |  1- 3 |  4- 6 |  7- 9 | 10-12 || total
-------------------------+-------+-------+-------+-------++-------
Melee: Short sword       |    32 |       |       |       ||    32
       Dagger            |    54 |   211 |   149 |       ||   414
       War axe           |       |       |   319 |    18 ||   337
 Fire: Hand crossbow     |    35 |    29 |    35 |       ||    99
Evoke: Wand              |       |       |     6 |       ||     6
  Use: Scroll            |       |       |    12 |       ||    12
       Potion            |       |       |       |     1 ||     1
  Eat: Chunk             |     4 |       |    11 |       ||    15
       Bread ration      |     1 |     1 |       |       ||     2
       Pizza             |       |       |     1 |       ||     1
       Beef jerky        |       |       |     1 |       ||     1
       Meat ration       |       |       |     1 |       ||     1
